AoeStats
← ABdirtyoil

Scandinavia

510615908Analyzed
1v1 RM · 1d ago on Oct 1, 2026· 91m 51s· 2 players
Game mode
Random Map
Map size
Tiny (2 player)
Population
200
Speed
Normal
Resources
Standard
Victory
Conquest
Starting age
Dark Age
Ending age
Imperial Age
RankedLock teamsTeams togetherTeam positionsShared explorationLock speedFull tech treeHidden civsTurbo modeCheats
Victory
Defeat
🇲🇽 Japanese · Mexico
960
+16
🇨🇦 Muisca · Canada
958
-16
ABdirtyoil
4:33 Loom
13:02 Feudal Age
13:48 Double-Bit Axe
13:46 Horse Collar
14:12 Gold Mining
16:50 Fletching
19:40 Wheelbarrow
21:48 Padded Archer Armor
27:26 Castle Age
25:51 Stone Mining
27:34 Crossbowman
28:33 Leather Archer Armor
28:15 Bodkin Arrow
31:48 Thumb Ring
32:22 Bow Saw
33:34 Heavy Plow
34:10 Gold Shaft Mining
34:06 Ballistics
34:36 Forging
35:24 Stone Shaft Mining
35:33 Hand Cart
44:59 Imperial Age
43:24 Iron Casting
42:50 Scale Mail Armor
45:07 Town Watch
45:37 Herbalism
45:48 Bracer
46:03 Chain Mail Armor
45:23 Elite Temple Guard
46:04 Squires
45:25 Pikeman
45:26 Champi Runner
47:37 Crop Rotation
48:08 Two-Man Saw
47:25 Town Patrol
47:57 Plate Mail Armor
47:32 Arbalester
49:56 Conscription
65:56 Huaracas
65:14 Elite Guecha Warrior
66:30 Hoardings
70:20 Chemistry
69:17 Murder Holes
69:33 Masonry
69:29 Siege Engineers
69:05 Treadmill Crane
69:36 Careening
yuretoria
11:45 Feudal Age
10:00 Loom
12:28 Double-Bit Axe
13:07 Fishing Lines
15:57 Loom
17:57 Wheelbarrow
21:13 Castle Age
19:49 Stone Mining
20:38 Horse Collar
22:39 Gillnets
23:51 Scale Mail Armor
26:36 Squires
27:07 Bow Saw
29:00 Arson
30:14 Heavy Plow
30:51 Forging
31:23 Gold Mining
33:47 Hand Cart
35:15 Iron Casting
34:55 Chain Mail Armor
36:51 Gold Shaft Mining
41:05 Imperial Age
40:01 Fletching
41:14 Treadmill Crane
41:13 Onager
42:29 Clinker Construction
43:31 Ballistics
43:48 Plate Mail Armor
44:19 Blast Furnace
44:48 Two-Man Saw
44:11 Conscription
44:49 Capped Ram
47:38 Elite Samurai
48:06 Town Watch
49:11 Siege Engineers
49:27 Yasama
50:29 Masonry
51:00 Hoardings
52:38 Chemistry
51:46 Bodkin Arrow
63:52 Shipwright
63:55 Carvel Hull
84:54 Thumb Ring
84:24 Elite Skirmisher
85:37 Padded Archer Armor
85:37 Bracer
86:49 Kataparuto
89:01 Leather Archer Armor
Connection lost

Rejoining the realm…

Still unreachable

The connection could not be restored.

Session expired

The server has moved on; the page needs a fresh start.